 Dungeon Crawl Stone Soup version 0.27-a0-705-ga0013940fb (webtiles) character file.

Game seed: 14470574340665633912

280 jasper the Sneak (level 6, -2/48 HPs)
             Began as a Demonspawn Delver on Mar 22, 2021.
             Was an Initiate of Nemelex Xobeh.
             Slain by a gnoll
             ... wielding a +0 halberd
              (5 damage)
             ... on level 4 of the Dungeon on Mar 23, 2021.
             The game lasted 00:10:09 (5157 turns).

jasper the Sneak (Demonspawn Delver)                Turns: 5157, Time: 00:10:10

Health: -2/48      AC:  3    Str: 15    XL:     6   Next: 5%
Magic:  6/6        EV: 11    Int: 11    God:    Nemelex Xobeh [......]
Gold:   161        SH:  0    Dex: 14    Spells: 5/5 levels left

rFire    . . .     SeeInvis .   a - +1 hand axe
rCold    . . .     Faith    .   (no shield)
rNeg     . . .     Spirit   .   b - +0 leather armour
rPois    .         Reflect  .   (helmet restricted)
rElec    .         Harm     .   (no cloak)
rCorr    +         Rampage  .   (no gloves)
Will     .....                  (no boots)
Stlth    ++........             (no amulet)
HPRegen  0.16/turn              r - ring of resist corrosion
MPRegen  0.10/turn              (no ring)

@: hasted, very quick
A: horns 2, powered by death 1
a: Renounce Religion, Draw Escape, Draw Destruction, Draw Summoning


You were on level 4 of the Dungeon.
You worshipped Nemelex Xobeh.
Nemelex Xobeh was noncommittal.
You visited 1 branch of the dungeon, and saw 5 of its levels.

You collected 161 gold pieces.

Inventory:

Hand Weapons
 a - a +1 hand axe (weapon)
Missiles
 f - 6 silver javelins
 i - 35 bolts
 j - 5 atropa-tipped darts
 k - 153 stones (quivered)
Armour
 b - a +0 leather armour (worn)
Jewellery
 n - a ring of ice
 r - a ring of resist corrosion (right hand)
Wands
 g - a wand of digging (1)
Scrolls
 c - 2 scrolls of fog
 d - a scroll of magic mapping
 l - a scroll of silence
 m - 2 scrolls of identify
 o - a scroll of enchant armour
 p - 3 scrolls of vulnerability
 q - a scroll of amnesia {unknown}
 t - a scroll of random uselessness
 w - a scroll of teleportation {unknown}
Potions
 e - a potion of attraction
 s - a potion of invisibility {unknown}
 v - a potion of brilliance {unknown}


   Skills:
 + Level 4.2 Fighting
 * Level 4.2 Axes
 + Level 2.4 Armour
 - Level 1.7 Dodging
 - Level 4.5 Stealth
 + Level 1.2 Invocations


You had 5 spell levels left.
You didn't know any spells.
Your spell library was empty.

Dungeon Overview and Level Annotations

Branches:
Dungeon (5/15)
 Temple: D:4-7

Altars:
Ashenzari
Nemelex Xobeh
Vehumet

Annotations:
D:2 1 runed translucent door, Crazy Yiuf


Innate Abilities, Weirdness & Mutations

You have a pair of horns on your head.
You regenerate a little health from kills.


Message History

You hit the gnoll. The gnoll hits you with a +0 club.
The gnoll barely misses you.
You take 3 damage, and have 42/48 hp.
Okay, then.
You feel yourself speed up. The gnoll hits you with a +0 club.
The gnoll hits you with a +0 club! The gnoll barely misses you.
You take 9 damage, and have 33/48 hp.
The gnoll closely misses you. The gnoll hits you with a +0 club. x2
You take 9 damage, and have 24/48 hp.
You hit the gnoll but do no damage.
The gnoll is moderately wounded.
You barely miss the gnoll. You hit the gnoll. The gnoll misses you.
The gnoll closely misses you. The gnoll hits you but does no damage.
You completely miss the gnoll. Your headbutt misses the gnoll.
The gnoll is moderately wounded.
You closely miss the gnoll. You hit the gnoll but do no damage.
The gnoll hits you with a +0 club. The gnoll closely misses you.
You take 2 damage, and have 23/48 hp.
You hit the gnoll. You headbutt the gnoll.
You kill the gnoll!
You hit the gnoll but do no damage. You hit the gnoll.
The gnoll hits you from afar with a +0 spear!
The gnoll closely misses you. The gnoll barely misses you.
You take 8 damage, and have 15/48 hp.
You hit the gnoll.
The gnoll is severely wounded.
You closely miss the gnoll. The gnoll misses you.
The gnoll hits you with a +0 club.
* * * LOW HITPOINT WARNING * * *
The gnoll hits you with a +0 halberd!
* * * LOW HITPOINT WARNING * * *
You take 12 damage, and have 3/48 hp.
MASSIVE DAMAGE!!
You feel better.
The gnoll hits you from afar with a +0 spear!
* * * LOW HITPOINT WARNING * * *
Okay, then.
The gnoll barely misses you.
The gnoll hits you from afar with a +0 halberd.
You die...
Your body disappears without a glow.

.....#...#####..# .....
................# #gg..
......).........####...
#.....................#
###...#............g..##
#..###......>........#
#..# #.###.....##....##
#.. ### ##..####g....#
.. ##..@.g...###
##.)g....# ##.###.## ###
###


You could see 3 gnolls.

Vanquished Creatures
  A hound (D:4)
  An iguana (D:4)
  2 orc wizards (D:3)
  Robin (D:2)
  A gnoll (D:4)
  5 adders
  An ufetubus (D:4)
  2 worms (D:2)
  A dart slug (D:3)
  5 orcs
  2 giant cockroaches
  18 goblins
  7 hobgoblins
  4 jackals (D:1)
  4 kobolds
  5 oozes
  4 quokkas
  5 ball pythons
  11 bats
  3 frilled lizards
  A quokka skeleton (D:4)
  4 rats
88 creatures vanquished.

Vanquished Creatures (others)
  3 plants (D:1)
3 creatures vanquished.

Grand Total: 91 creatures vanquished

Notes
Turn   | Place    | Note
-------+----------+-------------------------------------------
     0 | D:5      | jasper the Demonspawn Delver began the quest for the Orb.
     0 | D:5      | Reached XP level 1. HP: 18/18 MP: 1/1
   192 | D:1      | Gained mutation: You regenerate a little health from kills.
                  | [demonic ancestry]
   192 | D:1      | Reached XP level 2. HP: 6/24 MP: 2/2
   870 | D:1      | Reached skill level 1 in Armour
  1173 | D:1      | Gained mutation: You have a pair of small horns on your
                  | head. [demonic ancestry]
  1173 | D:1      | Reached XP level 3. HP: 29/29 MP: 3/3
  1612 | D:2      | Noticed Robin
  2369 | D:2      | Killed Robin
  2370 | D:2      | Gained mutation: You have a pair of horns on your head.
                  | [demonic ancestry]
  2370 | D:2      | Reached XP level 4. HP: 21/35 MP: 4/4
  2491 | D:2      | Found a runed translucent door.
  2492 | D:2      | Noticed Crazy Yiuf
  3652 | D:3      | Reached XP level 5. HP: 34/42 MP: 5/5
  3787 | D:3      | Found a broken altar of Ashenzari.
  4576 | D:4      | Found a sparkling altar of Nemelex Xobeh.
  4600 | D:4      | Became a worshipper of Nemelex Xobeh the Trickster
  4812 | D:4      | Found a radiant altar of Vehumet.
  4898 | D:4      | Reached skill level 1 in Invocations
  5048 | D:4      | Reached XP level 6. HP: 41/48 MP: 6/6
  5157 | D:4      | Slain by a gnoll

Illustrated notes

Levels and vault maps discovered:
D:1:      amcnicky_arrival_double_pillar, layout_basic, serial_bayou_pond_a,
          serial_bayou_pond_a
D:2:      layout_loops_cross, st_stairs_10, uniq_crazy_yiuf_cottage, uniq_robin
D:3:      layout_basic, cheibrodos_ashenzari_chains
D:4:      layout_layer_cave, nicolae_vehumet_altar_sigil,
          nemelex_xobeh_ov_fountains_minmay, kennysheep_little_box,
          minmay_temple_entry_drinking_statues
D:5:      layout_basic, chequers_temple_overflow_minitemple, serial_shops,
          kennysheep_mini_moat

Skill      XL: |  1  2  3  4  5 |
---------------+----------------+-----
Axes           | 2 3 4 |  4.2
Armour         | 1 2 |  2.4
Fighting       | 4 |  4.2
Invocations    | 1 |  1.2
Dodging        | |  1.7
Stealth        | |  4.5

Action                   |  1- 3 |  4- 6 || total
-------------------------+-------+-------++-------
Melee: Hand axe          |   140 |   128 ||   268
       Headbutt          |     6 |    14 ||    20
Throw: Dart              |     5 |     2 ||     7
       Stone             |    40 |   112 ||   152
       Javelin           |       |     2 ||     2
Evoke: Wand              |     2 |       ||     2
  Use: Scroll            |     2 |     5 ||     7
       Potion            |     5 |     2 ||     7
 Stab: Sleeping          |     1 |     2 ||     3
Armor: Leather armour    |    47 |    26 ||    73
Dodge: Dodged            |   101 |    75 ||   176

Table legend: (Time is in decaauts)
 A = Elapsed time spent in this place.
 B = Non-inter-level travel time spent in this place.
 C = Inter-level travel time spent in this place.
 D = Time resting spent in this place.
 E = Time spent auto-exploring this place.
 F = Levels seen in this place.
 G = Mean time per level.
                   A        B        C        D        E       F      G
               +--------+--------+--------+--------+--------+-----+--------+
         Total |   5199 |   5137 |     62 |   1188 |   2866 |   5 | 1039.8 |
       Dungeon |   5199 |   5137 |     62 |   1188 |   2866 |   5 | 1039.8 |
               +--------+--------+--------+--------+--------+-----+--------+

Top non-repeatable levels by time:
     D:3: 1607 daAuts
     D:1: 1470 daAuts
     D:2: 1408 daAuts
     D:4: 695 daAuts
     D:5: 18 daAuts
